 Dungeon Crawl Stone Soup version 0.30.1-6-gbe392663c4 (webtiles) character file.

Game seed: 11243922506559149819

657 Ivernyr the Twirler (level 7, -2/56 HPs)
             Began as a Formicid Fighter on Sept 20, 2023.
             Was a Believer of Wu Jian.
             Killed by divine providence
             ... invoked by an orc priest
              (10 damage)
             ... on level 4 of the Dungeon.
             The game lasted 00:08:35 (4393 turns).

Ivernyr the Twirler (Formicid Fighter)              Turns: 4393, Time: 00:08:36

Health: -2/56      AC:  8    Str: 28    XL:     7   Next: 85%
Magic:  7/7        EV: 11    Int:  8    God:    Wu Jian [**....]
Gold:   254        SH:  5    Dex: 13    Spells: 6/6 levels left

rFire   . . .        a - +0 quarterstaff
rCold   + . .        c - +0 buckler
rNeg    . . .        b - +0 scale mail
rPois   .            (helmet unavailable)
rElec   .            (no cloak)
rCorr   .            (no gloves)
SInv    +            y - +0 pair of boots
Will    .....        (no amulet) Stlth
                     t - ring of protection from cold
HPRegen 0.29/turn    u - +6 ring of strength
MPRegen 0.10/turn

%: no passive effects
@: no status effects
A: permanent stasis, dig shafts and tunnels, antennae 3, four strong arms
a: Dig, Shaft Self, Renounce Religion, Wall Jump


You were on level 4 of the Dungeon.
You worshipped Wu Jian.
Wu Jian was pleased with you.
You visited 1 branch of the dungeon, and saw 5 of its levels.
You also visited: Sewer.

You collected 254 gold pieces.

Inventory:

Hand Weapons
 a - a +0 quarterstaff (weapon)
Armour
 b - a +0 scale mail (worn)
 c - a +0 buckler (worn)
 y - a +0 pair of boots (worn)
Jewellery
 t - a ring of protection from cold (left hand)
 u - a +6 ring of strength (right hand)
Scrolls
 f - 8 scrolls of identify {unknown}
 j - 2 scrolls of brand weapon {unknown}
 k - a scroll of torment {unknown}
 l - 5 scrolls of poison {unknown}
 m - 2 scrolls of enchant armour {unknown}
 n - 2 scrolls of amnesia {unknown}
 p - a scroll of noise {unknown}
 q - a scroll of summoning {unknown}
 v - a scroll of blinking {unknown}
 w - 2 scrolls of magic mapping {unknown}
 z - a scroll of fear {unknown}
Potions
 d - 2 potions of might
 e - 2 potions of mutation {unknown}
 g - a potion of heal wounds {unknown}
 h - a potion of attraction {unknown}
 i - a potion of degeneration {unknown}
 o - 2 potions of haste {unknown}
 r - a potion of brilliance {unknown}
 s - 2 potions of resistance {unknown}
 x - a potion of lignification {unknown}


   Skills:
 + Level 5.1 Fighting
 * Level 5.3 Staves
 + Level 5.1 Armour
 + Level 3.0 Dodging
 - Level 4.0 Shields


You had 6 spell levels left.
You didn't know any spells.
Your spell library contained the following spells:

 Spells                   Type           Power      Damage    Failure   Level
 Beastly Appendage        Tmut           0%         N/A       71%         1
 Necrotise                Necr           0%         1d4       71%         1
 Wereblood                Tmut           0%         N/A       85%         2
 Spider Form              Tmut/Pois      0%         N/A       97%         3
 Anguish                  Hex/Necr       0%         N/A       100%        4
 Haunt                    Necr/Summ      0%         N/A       100%        7
 Monstrous Menagerie      Summ           0%         N/A       100%        7


Dungeon Overview and Level Annotations

Branches:
Dungeon (5/15)              Sewer (visited)
 Temple: D:4-7

Altars:
Fedhas
Makhleb
Wu Jian

Annotations:
D:5 Prince Ribbit


Innate Abilities, Weirdness & Mutations

You cannot be hasted, slowed, berserked, paralysed or teleported.
You can dig through walls and to a lower floor.
You have a pair of large antennae on your head. (SInv)
Your four strong arms can wield two-handed weapons with a shield.


Message History

The orc priest hits you with a +0 whip.
You hit the orc priest but do no damage.
The orc priest is severely wounded.
The orc priest hits you with a +0 whip.
You barely miss the orc priest.
The orc priest is severely wounded.
The orc priest calls down the wrath of Beogh upon you.
Beogh smites you!
You hit the orc priest but do no damage.
The orc priest is severely wounded.
The orc priest hits you but does no damage.
You barely miss the orc priest.
The orc priest is severely wounded.
The orc priest misses you.
You barely miss the orc priest.
The orc priest is severely wounded.
The orc priest begins to cast a cantrip, but forgets the words!
You hit the orc priest.
The orc priest is severely wounded.
The orc priest invokes the aid of Beogh against you.
Beogh smites you!
You hit the orc priest but do no damage.
The orc priest is severely wounded.
The orc priest closely misses you.
You hit the orc priest.
The orc priest is almost dead.
You block the orc priest's attack.
You barely miss the orc priest.
The orc priest is almost dead.
The orc priest invokes the aid of Beogh against you.
Pain shoots through your body!
* * * LOW HITPOINT WARNING * * *
You hit the orc priest but do no damage.
The orc priest is almost dead.
The orc priest hits you but does no damage.
You closely miss the orc priest.
The orc priest is almost dead.
The orc priest mumbles some strange prayers to Beogh against you.
Beogh smites you!
You die...

##########.# #........#
#......>...####.#####..#
#.###...........# ##..#
#.# #.###..###### #...#
#.# #.###..# #..## #.#
#......## #..# #.#
#####...## #..#
#.######)).#.#### #..###
#.#.....@.###...# #..<.<
#........o.#.##.# ##.####
###.#####.#.###.###...###
#.# #.#.###.##....... #.#
#.#.##.........## #.#
#..............## #.#
###.##..###...### #)#
#.##..# ##### # #.#
#.##.)# #


You could see an orc priest.

Vanquished Creatures
  2 scorpions (D:4)
  A howler monkey (D:4)
  2 jellies (Sewer)
  A sleepcap (D:4)
  5 orc wizards
  Robin (D:2)
  5 adders
  4 gnolls (D:3)
  4 river rats
  2 worms (D:2)
  2 dart slugs
  12 orcs
  15 ball pythons
  14 endoplasms
  4 giant cockroaches
  14 goblins
  7 hobgoblins
  8 kobolds
  5 quokkas
  4 bats
  9 frilled lizards
  11 rats
132 creatures vanquished.

Vanquished Creatures (others)
  An orc wizard (D:4)
1 creature vanquished.

Grand Total: 133 creatures vanquished

Notes
Turn   | Place    | Note
-------+----------+-------------------------------------------
     0 | D:1      | Ivernyr the Formicid Fighter began the quest for the Orb.
     0 | D:1      | Reached XP level 1. HP: 18/18 MP: 1/1
   133 | D:1      | Reached XP level 2. HP: 24/24 MP: 2/2
   330 | D:1      | Reached XP level 3. HP: 29/29 MP: 3/3
   971 | D:2      | Found a burning altar of Makhleb.
  1026 | D:2      | Reached skill level 1 in Dodging
  1276 | D:2      | Reached XP level 4. HP: 37/37 MP: 4/4
  1280 | D:2      | Found a faded altar of an unknown god.
  1335 | D:2      | Noticed Robin
  1387 | D:2      | Killed Robin
  1881 | D:3      | Reached XP level 5. HP: 14/38 MP: 5/5
  1996 | D:3      | Found an ornate altar of the Wu Jian Council.
  2004 | D:3      | Became a worshipper of the Wu Jian Council
  2157 | D:3      | Found a blossoming altar of Fedhas.
  3027 | D:4      | Reached XP level 6. HP: 41/48 MP: 6/6
  3205 | D:4      | Reached * piety under Wu Jian
  3218 | D:4      | Found a glowing drain.
  3222 | Sewer    | Entered a sewer
  3317 | Sewer    | Reached XP level 7. HP: 39/55 MP: 7/7
  3376 | Sewer    | Found a viscous altar of Jiyva.
  3512 | D:4      | Got the Enchiridion on Open Graves and the Entourage
  3595 | D:4      | Reached skill level 5 in Staves
  3629 | D:4      | Reached ** piety under Wu Jian
  3837 | D:4      | Reached skill level 5 in Fighting
  3837 | D:4      | Reached skill level 5 in Armour
  4239 | D:5      | Entered Level 5 of the Dungeon
  4246 | D:5      | Noticed Prince Ribbit
  4393 | D:4      | Killed from afar by an orc priest

Illustrated notes

Levels and vault maps discovered:
D:1:      amcnicky_arrival_abandoned_market, layout_basic, solitary_fountain,
          minivault_4
D:2:      layout_basic, nicolae_ecumenical_pavilion, basic_altar, uniq_robin
D:3:      layout_basic, amcnicky_altar_gilded, nzn_wu_jian_contemplation,
          minmay_goblin_kobold_house
D:4:      minmay_bubble_buster, layout_loops_ring, gup_sewer_entry_bowl
D:5:      layout_rooms, minmay_temple_entry_glass, enter_ossuary_1,
          minmay_manual_mandibuliform, uniq_prince_ribbit1, uniq_pikel

Skill      XL: |  1  2  3  4  5  6  7 |
---------------+----------------------+-----
Dodging        | 1 2 3 |  3.0
Staves         | 3 4 5 |  5.3
Fighting       | 4 5 |  5.1
Armour         | 4 5 |  5.1
Shields        | |  4.0

Action                     |  1- 3 |  4- 6 |  7- 9 || total
---------------------------+-------+-------+-------++-------
  Melee: Quarterstaff      |    88 |   192 |   122 ||   402
Ability: Lunge             |       |    11 |    11 ||    22
         Whirlwind         |       |     2 |     1 ||     3
 Armour: Scale mail        |    37 |    77 |    38 ||   152
  Dodge: Dodged            |    53 |    79 |    54 ||   186
  Block: Buckler           |    17 |    38 |    19 ||    74
